 Dungeon Crawl Stone Soup version 0.21-a0-630-g344d351 (webtiles) character file.

3748 KristoblXynda the Infuser (level 9, -2/41 HPs)
             Began as a Spriggan Skald on Dec 25, 2017.
             Was a Believer of Okawaru.
             Slain by Curus's ghost (10 damage)
             ... on level 8 of the Dungeon.
             The game lasted 00:18:53 (9545 turns).

KristoblXynda the Infuser (Spriggan Skald)          Turns: 9545, Time: 00:18:54

Health: -2/41      AC:  7    Str:  8    XL:     9   Next: 93%
Magic:  22/22      EV: 20    Int: 24    God:    Okawaru [**....]
Gold:   331        SH:  0    Dex: 16    Spells: 18/25 levels left

rFire    . . .     SeeInvis +   t - +1 dagger (venom)
rCold    . . .     Gourm    .   (shield restricted)
rNeg     . . .     Faith    .   r - +2 animal skin
rPois    .         Spirit   .   (helmet restricted)
rElec    .         Reflect  .   q - +2 cloak {MR+}
rCorr    .         Harm     .   (gloves unavailable)
MR       ++...                  (boots unavailable)
Stlth    ++++......             (no amulet)
HPRegen  0.13/turn              z - +2 ring of intelligence
MPRegen  0.18/turn              h - +6 ring of intelligence

@: drained, very quick
A: very small, unfitting armour, see invisible, herbivore, speed 3, slow
metabolism 2
a: Heroism, Renounce Religion


You were on level 8 of the Dungeon.
You worshipped Okawaru.
Okawaru was pleased with you.
You were not hungry.

You visited 2 branches of the dungeon, and saw 9 of its levels.

You collected 331 gold pieces.

Inventory:

Hand Weapons
 t - a +1 dagger of venom (weapon)
Missiles
 p - a throwing net (quivered)
Armour
 q - a +2 cloak of magic resistance (worn)
 r - a +2 animal skin (worn)
 w - a cursed +0 buckler
Jewellery
 h - a +6 ring of intelligence (right hand)
 z - a +2 ring of intelligence (left hand)
Wands
 f - a wand of disintegration (17)
 v - a wand of scattershot (3)
Scrolls
 a - 5 scrolls of remove curse
 b - 3 scrolls of teleportation
 i - a scroll of fog
 m - a scroll of fear {unknown}
 o - a scroll of amnesia {unknown}
 s - 3 scrolls of silence {unknown}
 u - a scroll of enchant weapon {unknown}
 y - a scroll of immolation {unknown}
Potions
 e - 3 potions of curing
 g - a potion of agility
 j - 3 potions of lignification
 k - a potion of ambrosia
 l - 2 potions of cancellation
 n - 2 potions of mutation
 x - a potion of heal wounds
 A - a potion of brilliance
Books
 c - a book of Battle

   Spells                             Type                      Level
   a - Infusion                       Charms                       1
   b - Shroud of Golubria             Charms/Translocation         2
   c - Song of Slaying                Charms                       2
   d - Spectral Weapon                Hexes/Charms                 3
   e - Regeneration                   Charms/Necromancy            3
Comestibles
 d - 16 rations


   Skills:
 - Level 1.5(1.0) Fighting
 + Level 8.0(7.4) Short Blades
 + Level 5.1(4.5) Dodging
 - Level 10.1(9.4) Stealth
 + Level 8.6(8.0) Spellcasting
 - Level 10.1(9.5) Charms
 + Level 2.6(2.1) Invocations
 + Level 3.5(2.9) Evocations


You had 18 spell levels left.
You knew the following spells:

 Your Spells              Type           Power        Failure   Level  Hunger
a - Infusion              Chrm           ####         1%          1    None
b - Regeneration          Chrm/Necr      ####......   2%          3    None
c - Spectral Weapon       Hex/Chrm       ####....     2%          3    None


Dungeon Overview and Level Annotations

Branches:
Dungeon (8/15)             Temple (1/1) D:6
   Lair: D:8-11

Altars:
Ashenzari
Dithmenos
Elyvilon
Gozag
Hepliaklqana
Kikubaaqudgha
Makhleb
Okawaru
Ru
Sif Muna
Trog
Uskayaw
Vehumet
Wu Jian
Xom
Yredelemnul
Zin
The Shining One

Annotations:
D:4 Eustachio
D:8 Curus's ghost, novice HOAK


Innate Abilities, Weirdness & Mutations

You are very small and have problems with some larger weapons.
You are too small for most types of armour.
You have supernaturally acute eyesight. (SInv)
You are a herbivore.
You cover ground extremely quickly.
You need consume almost no food.


Message History

The bullfrog misses you. The orc barely misses you.
You hit the orc but do no damage.
The orc looks even sicker.
The orc is severely wounded.
The orc closely misses you. The bullfrog hits you.
You closely miss the bullfrog.
The bullfrog is almost dead.
You kill the bullfrog!
Okawaru accepts your kill.
Your Short Blades skill increases to level 8!
The orc misses you.
Unknown command.
You hit the orc.
The orc is almost dead.
You kill the orc!
Okawaru accepts your kill. Curus's ghost hits you!!
Ouch! That really hurt!
* * * LOW HITPOINT WARNING * * *
You feel drained.
You die...

### ..# #.# #.#
####.#### ###..@....#
#...W...#.# #.#.##..#
###### #####.#.##.....
...W.#
#........##.#.##
.###.###.###.#..##.#.#
....†........#.......#
.#.#..##.##........###
.........##<.#..##.#


You could see Curus's ghost.

Vanquished Creatures
  Pikel (D:4)
  A centaur skeleton (D:8)
  4 hogs (D:7)
  A human (D:7)
  3 slaves (D:4)
  2 ice beasts (D:7)
  2 sky beasts
  2 orc warriors
  A phantom (D:7)
  2 ogres
  A black bear (D:8)
  A centaur (D:5)
  3 bullfrogs
  2 scorpions
  5 howler monkeys
  A crimson imp (D:6)
  A bullfrog zombie (D:5)
  A quasit (D:8)
  Crazy Yiuf (D:4)
  4 hounds
  2 bullfrog skeletons
  An orc priest (D:7)
  2 orc wizards
  Ijyb (D:4)
  Jessica (D:3)
  2 iguanas
  6 worker ants
  Robin (D:2)
  4 gnolls (D:3)
  5 adders
  A shadow imp (D:8)
  An adder zombie (D:5)
  An ooze (D:1)
  An adder skeleton (D:4)
  2 worms
  A dart slug (D:1)
  5 leopard geckos
  10 orcs
  A ball python (D:4)
  11 bats
  7 giant cockroaches
  18 goblins
  7 hobgoblins
  7 jackals
  3 quokkas (D:6)
  6 frilled lizards
  A giant cockroach zombie (D:5)
  2 jackal skeletons
  14 kobolds
  4 rats
167 creatures vanquished.

Vanquished Creatures (others)
  3 fungi (D:8)
  2 plants (D:8)
5 creatures vanquished.

Grand Total: 172 creatures vanquished

Notes
Turn   | Place    | Note
-------+----------+-------------------------------------------
     0 | D:1      | KristoblXynda the Spriggan Skald began the quest for the Orb.
     0 | D:1      | Reached XP level 1. HP: 10/10 MP: 5/5
   172 | D:1      | Reached XP level 2. HP: 7/14 MP: 0/6
  1179 | D:1      | Reached skill level 5 in Charms
  1293 | D:1      | Reached XP level 3. HP: 17/18 MP: 0/8
  1463 | D:1      | Learned a level 3 spell: Regeneration
  1467 | D:1      | Learned a level 3 spell: Spectral Weapon
  2635 | D:2      | Found a bloodstained altar of Trog.
  2666 | D:2      | Reached XP level 4. HP: 12/22 MP: 5/9
  2896 | D:2      | Noticed Robin
  3015 | D:2      | Killed Robin
  3487 | D:3      | Found an opulent altar of Gozag.
  3630 | D:3      | Reached skill level 5 in Dodging
  4114 | D:3      | Reached XP level 5. HP: 12/25 MP: 11/11
  4124 | D:3      | Reached skill level 1 in Stealth
  4320 | D:3      | Noticed Jessica
  4330 | D:3      | Killed Jessica
  5086 | D:4      | Found a runed door.
  5123 | D:4      | Noticed Eustachio
  5352 | D:4      | Noticed Pikel
  5353 | D:4      | Noticed a slave
  5362 | D:4      | Noticed a slave
  5364 | D:4      | Noticed a slave
  5390 | D:4      | Noticed a slave
  5420 | D:4      | Killed a slave
  5431 | D:4      | Killed a slave
  5511 | D:4      | Killed a slave
  5546 | D:4      | Killed Pikel
  5546 | D:4      | Reached skill level 5 in Short Blades
  5546 | D:4      | Reached skill level 5 in Stealth
  5546 | D:4      | Reached skill level 5 in Spellcasting
  5546 | D:4      | Reached XP level 6. HP: 26/30 MP: 8/14
  5546 | D:4      | Reached XP level 7. HP: 28/33 MP: 8/15
  5578 | D:4      | Found a radiant altar of Vehumet.
  5787 | D:4      | Noticed Ijyb
  5792 | D:4      | Killed Ijyb
  6156 | D:4      | Noticed Crazy Yiuf
  6160 | D:4      | Killed Crazy Yiuf
  6216 | D:5      | Entered Level 5 of the Dungeon
  6280 | D:5      | Reached XP level 8. HP: 37/37 MP: 17/17
  6526 | D:5      | Found a hazy altar of Hepliaklqana.
  7213 | D:6      | Found a staircase to the Ecumenical Temple.
  7231 | Temple   | Entered the Ecumenical Temple
  7297 | Temple   | Became a worshipper of Warmaster Okawaru
  7780 | D:7      | Found a shattered altar of Ashenzari.
  7871 | D:7      | Reached XP level 9. HP: 23/41 MP: 19/21
  7893 | D:7      | Reached * piety under Okawaru
  7960 | D:7      | Reached skill level 10 in Charms
  8165 | D:7      | Reached skill level 1 in Evocations
  8259 | D:7      | Reached ** piety under Okawaru
  8259 | D:7      | Reached skill level 1 in Invocations
  8636 | D:7      | Found an iron altar of Okawaru.
  9393 | D:8      | Noticed Curus's ghost (novice HOAK)
  9479 | D:8      | Reached skill level 10 in Stealth
  9545 | D:8      | Slain by Curus's ghost

Vault maps used:
D:1:      matt_arrival_diagonals, supply_closet_lemuel
D:2:      trog_hazing_becter, uniq_robin
D:3:      grunt_gozag_statues, palyth_stone_intersect, grunt_ministairs_5,
          uniq_jessica
D:4:      kennysheep_little_box, first_ration, columned_hall_lemuel, uniq_pikel,
          uniq_eustachio, uniq_crazy_yiuf_cottage, uniq_ijyb
D:5:      kennysheep_mini, serial_co_window_serial, co_window_corner_a,
          co_window_paths_b, co_window_of_opportunity_a, co_window_corner_a,
          co_window_paths_b, co_window_broadway_a, co_window_broadway_b,
          co_window_broadway_b, co_window_paths_d, glass_columns_a,
          glass_columns_c, glass_columns_c, glass_columns_c, glass_columns_a
D:6:      minmay_temple_entry_hall
D:7:      old_standard_altar, grunt_livestock, okawaru_metal_pillars_3
D:8:      gammafunk_temple_overflow_elements, fedhas_altar_4,
          grunt_lair_entry_orc_guard_hut
Temple:   eino_temple_water

Skill      XL: |  1  2  3  4  5  6  7  8  9 |
---------------+----------------------------+-----
Dodging        | 4 5 |  5.1
Charms         | 5 7 8 9 10 | 10.1
Short Blades   | 3 5 6 8 |  8.0
Spellcasting   | 3 5 7 8 |  8.6
Stealth        | 5 6 8 10 | 10.1
Evocations     | 3 |  3.5
Invocations    | 2 |  2.6
Fighting       | |  1.5

Action                   |  1- 3 |  4- 6 |  7- 9 || total
-------------------------+-------+-------+-------++-------
Melee: Dagger            |   236 |   202 |   502 ||   940
       Short sword       |     6 |       |       ||     6
 Cast: Infusion          |    12 |     5 |       ||    17
       Regeneration      |       |     6 |    10 ||    16
Evoke: Wand              |       |     8 |     3 ||    11
  Use: Potion            |       |     1 |       ||     1
       Scroll            |       |     6 |     6 ||    12
 Stab: Distracted        |     1 |       |       ||     1
       Sleeping          |       |     2 |    21 ||    23
  Eat: Ration            |       |     2 |     3 ||     5
Armor: Robe              |    35 |     4 |       ||    39
       Animal skin       |       |    19 |    58 ||    77
Dodge: Dodged            |   237 |   174 |   307 ||   718

Table legend:
 A = Spawn XP
 B = Non-spawn XP
 C = Spawn XP percentage of total XP
 D = Spawn monster count
 E = Non-spawn monster count
 F = Spawn count percentage of total count
 G = Total turns spent on level
                    A         B        C        D         E        F      G
               +---------+---------+-------+---------+---------+-------+---------
         Total |       0 |    5355 |   0.0 |       0 |     164 |   0.0 |  9545
               +---------+---------+-------+---------+---------+-------+---------
           D:1 |       0 |      43 |   0.0 |       0 |      22 |   0.0 |  1693
           D:2 |       0 |      97 |   0.0 |       0 |      32 |   0.0 |  2057
           D:3 |       0 |     133 |   0.0 |       0 |      24 |   0.0 |   965
           D:4 |       0 |    1133 |   0.0 |       0 |      19 |   0.0 |  1501
           D:5 |       0 |     640 |   0.0 |       0 |      14 |   0.0 |   890
           D:6 |       0 |     556 |   0.0 |       0 |      17 |   0.0 |   552
           D:7 |       0 |    1853 |   0.0 |       0 |      24 |   0.0 |  1480
           D:8 |       0 |     900 |   0.0 |       0 |      12 |   0.0 |   324
               +---------+---------+-------+---------+---------+-------+---------
